 Dungeon Crawl Stone Soup version 0.30-a0-1014-g3371b13838 (webtiles) character file.

Game seed: 5231029682617217931

105346 Lavandula the Thaumaturge (level 16, -1/125 HPs)
             Began as a Gnoll Summoner on Apr 5, 2023.
             Was a Believer of Yredelemnul.
             Splashed by a goliath frog's acid (11 damage)
             ... on level 3 of the Swamp on Apr 6, 2023.
             The game lasted 01:25:13 (22488 turns).

Lavandula the Thaumaturge (Gnoll Summoner)         Turns: 22488, Time: 01:25:14

Health: -1/125     AC: 19    Str:  7    XL:     16   Next: 41%
Magic:  3/32       EV: 11    Int: 22    God:    Yredelemnul [**....]
Gold:   1001       SH:  0    Dex: 14    Spells: 10/39 levels left

rFire   . . .      SeeInvis +    g - +9 glaive (venom)
rCold   + + .      Faith    .    (shield currently unavailable)
rNeg    + . .      Spirit   .    J - +4 scale mail "Liwiecw" {rC++ rN+}
rPois   +          Reflect  .    Y - +2 helmet
rElec   .          Rampage  .    G - +2 cloak {rPois}
rCorr   .                        q - +2 pair of gloves
Will    +....                    (no boots)
Stlth   ++++                     v - amulet of regeneration
HPRegen 1.20/turn                E - ring of see invisible
MPRegen 0.23/turn                (no ring)

@: corroded, hasted (expiring), very quick
A: fangs 1, strong nose, distributed training
a: Renounce Religion, Recall Undead Harvest, Dark Bargain


You were on level 3 of the Swamp.
You worshipped Yredelemnul.
Yredelemnul was pleased with you.
You visited 5 branches of the dungeon, and saw 26 of its levels.

You collected 2619 gold pieces.
You spent 1618 gold pieces at shops.

Inventory:

Hand Weapons
 b - the +4 trident of Ciycum {drain, rF+}
   (You found it on level 5 of the Lair of Beasts)

   rF:        It protects you from fire.
 g - a +9 glaive of venom (weapon)
 o - the +7 halberd "Qezi" {protect, rPois rN+ Str+3}
   (You found it on level 13 of the Dungeon)

   Str:       It affects your strength (+3).
   rPois:     It protects you from poison.
   rN:        It protects you from negative energy.
Armour
 q - a +2 pair of gloves (worn)
 G - a +2 cloak of poison resistance (worn)
 J - the +4 scale mail "Liwiecw" (worn) {rC++ rN+}
   (You found it on level 8 of the Dungeon)

   rC:        It greatly protects you from cold.
   rN:        It protects you from negative energy.
 P - the +4 chain mail of Suv Nuut {*Slow rF+ Regen+ Int+5}
   (You bought it in a shop on level 12 of the Dungeon)

   Int:       It affects your intelligence (+5).
   rF:        It protects you from fire.
   Regen:     It increases your rate of health regeneration.
   *Slow:     It may slow you when you take damage.
 V - a +4 chain mail of willpower
 Y - a +2 helmet (worn)
Jewellery
 d - an amulet of guardian spirit
 p - a ring of fire
 v - an amulet of regeneration (around neck)
 E - a ring of see invisible (left hand)
 N - a ring of poison resistance
 Q - the ring of Aler {rF- rCorr EV+5 Int+2 Dex+4}
   (You found it on level 12 of the Dungeon)

   [ring of evasion]

   EV:        It affects your evasion (+5).
   Int:       It affects your intelligence (+2).
   Dex:       It affects your dexterity (+4).
   rF:        It makes you vulnerable to fire.
   rCorr:     It protects you from acid and corrosion.
 W - an amulet of magic regeneration
Wands
 h - a wand of light (18)
 j - a wand of iceblast (31)
 x - a wand of polymorph (7)
 I - a wand of mindburst (14)
 M - a wand of charming (20)
 S - a wand of flame (16)
Scrolls
 a - 4 scrolls of identify
 f - 3 scrolls of blinking
 k - 6 scrolls of amnesia {unknown}
 n - 7 scrolls of immolation
 r - 6 scrolls of vulnerability
 u - a scroll of butterflies
 w - 6 scrolls of poison
 y - 2 scrolls of magic mapping
 B - a scroll of silence {unknown}
 F - 7 scrolls of teleportation
 K - 2 scrolls of fog
 L - a scroll of brand weapon
 R - 3 scrolls of torment
 T - a scroll of fear
 Z - a scroll of enchant armour
Potions
 c - 3 potions of magic
 e - 2 potions of heal wounds
 i - 13 potions of curing
 m - 5 potions of brilliance
 s - 5 potions of might
 t - 5 potions of lignification
 z - 2 potions of mutation
 A - 3 potions of haste
 C - 6 potions of attraction {unknown}
 D - 3 potions of resistance {unknown}
 H - 4 potions of flight {unknown}
 O - 2 potions of berserk rage {unknown}
 X - 4 potions of cancellation
Miscellaneous
 U - a condenser vane (inert)


   Skills:
 + Level 11.2 Fighting
 + Level 11.2 Short Blades
 + Level 11.2 Long Blades
 + Level 11.2 Axes
 + Level 11.2 Maces & Flails
 + Level 11.2 Polearms
 + Level 11.2 Staves
 + Level 11.2 Ranged Weapons
 + Level 11.2 Throwing
 + Level 11.2 Armour
 + Level 12.1 Dodging
 + Level 12.0 Stealth
 + Level 11.2 Shields
 + Level 11.2 Unarmed Combat
 + Level 12.3 Spellcasting
 + Level 9.5 Conjurations
 + Level 9.5 Hexes
 + Level 11.8 Summonings
 + Level 9.5 Necromancy
 + Level 9.5 Translocations
 + Level 9.5 Transmutations
 + Level 9.5 Fire Magic
 + Level 9.5 Ice Magic
 + Level 9.5 Air Magic
 + Level 9.5 Earth Magic
 + Level 9.5 Poison Magic
 + Level 12.2 Invocations
 + Level 11.2 Evocations


You had 10 spell levels left.
You knew the following spells:

 Your Spells              Type           Power      Damage    Failure   Level
a - Summon Small Mammal   Summ           100%       N/A       1%          1
b - Call Imp              Summ           60%        N/A       1%          2
c - Call Canine Familiar  Summ           60%        N/A       1%          3
d - Summon Guardian Gole  Hex/Summ       57%        N/A       1%          3
e - Summon Lightning Spi  Summ/Air       57%        N/A       4%          4
f - Frozen Ramparts       Ice            100%       1d16      1%          3
g - Summon Ice Beast      Ice/Summ       57%        N/A       4%          4
h - Borgnjor's Vile Clut  Necr/Erth      26%        N/A       19%         5
i - Manifold Assault      Tloc           53%        N/A       7%          4

Your spell library contained the following spells:

 Spells                   Type           Power      Damage    Failure   Level
 Necrotise                Necr           100%       1d9       1%          1
 Blink                    Tloc           100%       N/A       1%          2
 Dazzling Flash           Conj/Hex       100%       N/A       1%          3
 Gell's Gravitas          Tloc           53%        N/A       1%          3
 Ignite Poison            Fire/Tmut/Pois 53%        N/A       1%          3
 Ozocubu's Armour         Ice            53%        N/A       1%          3
 Portal Projectile        Hex/Tloc       100%       N/A       1%          3
 Teleport Other           Tloc           53%        N/A       1%          3
 Tukima's Dance           Hex            53%        N/A       1%          3
 Vampiric Draining        Necr           53%        2d9       1%          3
 Vhi's Electric Charge    Tloc/Air       100%       N/A       1%          3
 Volatile Blastmotes      Fire/Tloc      100%       2d18      1%          3
 Ice Form                 Ice/Tmut       53%        N/A       7%          4
 Agony                    Necr           53%        N/A       19%         5
 Alistair's Intoxication  Tmut/Pois      35%        N/A       19%         5
 Arcjolt                  Conj/Air       26%        1d36      19%         5
 Blade Hands              Tmut           26%        N/A       19%         5
 Freezing Cloud           Conj/Ice/Air   26%        6-21      19%         5
 Silence                  Hex/Air        26%        N/A       19%         5
 Conjure Ball Lightning   Conj/Air       26%        3x3d7     71%         6
 Dispersal                Tloc           26%        N/A       71%         6
 Eringya's Noxious Bog    Tmut/Pois      26%        N/A       71%         6
 Plasma Beam              Fire/Air       26%        2x1d42    71%         6
 Haunt                    Necr/Summ      28%        N/A       98%         7
 Ozocubu's Refrigeration  Ice            26%        4d13      99%         7
 Storm Form               Tmut/Air       26%        N/A       99%         7
 Discord                  Hex            26%        N/A       100%        8
 Disjunction              Tloc           26%        N/A       100%        8
 Infestation              Necr           26%        N/A       100%        8
 Animate Dead             Necr           Unusable   N/A       N/A         4

Dungeon Overview and Level Annotations

Branches:
Dungeon (15/15)            Temple (1/1) D:5            Lair (5/5) D:10
  Swamp (3/4) Lair:2        Snake (0/4) Lair:2        Slime (0/5) Lair:5
    Orc (2/2) D:11            Elf (0/3) Orc:2        Vaults (0/5) D:13
 Depths: D:15

Altars:
Ashenzari
Cheibriados
Dithmenos
Elyvilon
Fedhas
Gozag
Hepliaklqana
Kikubaaqudgha
Makhleb
Nemelex Xobeh
Okawaru
Qazlal
Ru
Sif Muna
Trog
Uskayaw
Vehumet
Wu Jian
Xom
Yredelemnul
Zin
The Shining One

Shops:
D:7 *   D:9 ?   D:12 (*((*   Orc:2 ?*[?

Annotations:
D:3 3 runed translucent doors, paps's ghost, amateur OpSu
D:4 jackal
D:11 4 transporters
D:13 3 runed translucent doors, Pifuh's ghost, journeyman HuWn
Lair:1 1 runed translucent door
Lair:2 exclusion: door
Swamp:3 Mlioglotl
Orc:1 Jorgrun


Innate Abilities, Weirdness & Mutations

You have very sharp teeth.
Your uncanny sense of smell can sniff out nearby items.
Your experience applies equally to all skills.


Message History

The harpoon shot misses you.
Kirke closely misses the goliath frog.
The goliath frog closely misses you.
You barely miss the goliath frog.
You bite the goliath frog, but do no damage.
The goliath frog is lightly wounded.
Your lindwurm barely misses the hog.
Your lindwurm misses the hog.
Your lindwurm claws the hog.
The hog bites your lindwurm!
Unknown command.
You hit the goliath frog.
The goliath frog looks as sick as possible!
The goliath frog is moderately wounded.
The goliath frog hits you.
You are splashed with acid!
* * * LOW HITPOINT WARNING * * *
Kirke gestures wildly while chanting.
Kirke summons a lindwurm!
The hog bites your lindwurm but does no damage.
Your lindwurm breathes flames at the hog.
The blast of flame hits the hog!!
The hog dies!
The dead are walking!
You can now trade souls for undead servants.
The swamp worm fires a harpoon shot at you.
The harpoon shot hits you!
* * * LOW HITPOINT WARNING * * *
You are yanked forward by the harpoon shot.
Found a potion of magic.
Unknown command.
You hit the swamp worm.
The swamp worm is poisoned.
You bite the swamp worm, but do no damage.
The swamp worm is lightly wounded.
The swamp worm bites you but does no damage.
Unknown command.
You slash the swamp worm!
The swamp worm looks as sick as possible!
The swamp worm is moderately wounded.
The goliath frog hits you from afar!
* * * LOW HITPOINT WARNING * * *
You are splashed with acid!
You die...
Your body rises from the dead as a mindless zombie.

.♣~.~..~♣.♣.~...~♣
....~~.~~.~.♣§..~~...~
~~~~....~~~Z(~.~.~.~.~
...~.~..~.k..§...~....
§..~...~~...k~~..~..~.
....~.~~~..~Z.......~!
..~~..$~.....~F~.§...~
.....§...~......~.~...
~.~..♣......@~..~.♣
.~....~.~..~w.....~
...~~......~...~...
..~.....~....~~....
§...~.~......~~.~.
.~..~~.........~..
~..~....##.#.....~.
☼........ .. #..~..~
♣♣♣t☼§...


You could see a goliath frog (extremely poisoned, ally target), a swamp worm
(extremely poisoned), 2 friendly lindwurms, the friendly Kirke the bound human
and a friendly hog zombie.

Vanquished Creatures
  A thorn hunter (Swamp:1)
  An eleionoma (Swamp:3)
  A vault guard (D:13)
  2 hydras
  A death knight (D:14)
  4 centaur warriors
  3 two-headed ogres
  A boulder beetle (D:14)
  2 alligators (Swamp:1)
  2 tengu warriors
  2 death yaks (Lair:5)
  A skyshark (Lair:3)
  Lodul (D:11)
  A glowing orange brain (D:13)
  A swamp dragon (Swamp:1)
  A phantasmal warrior (D:14)
  4 orc knights
  An orc sorcerer (Orc:1)
  A goliath frog zombie (Swamp:2)
  A deep elf pyromancer (D:13)
  5 cyclopes
  5 ugly things (D:13)
  3 manticores
  3 elephants (Lair:1)
  4 slime creatures
  2 spectral slime creatures (D:14)
  A black mamba (Lair:5)
  3 cane toads
  A gargoyle (D:13)
  2 unseen horrors
  A rime drake (Lair:1)
  6 tengu conjurers
  2 komodo dragons
  A yaktaur (D:13)
  A queen bee (shapeshifter) (D:12)
  2 trolls (D:11)
  3 tyrant leeches
  Grinder (D:6)
  A bloated husk (Swamp:3)
  A meliai (shapeshifter) (D:13)
  2 hornets
  11 blink frogs
  6 dream sheep (Lair:4)
  A shadow (D:11)
  2 spriggans (Swamp:1)
  A wraith (D:14)
  24 yaks
  2 basilisks
  A wyvern (Lair:5)
  A human (D:13)
  5 hogs
  4 vampire mosquitoes
  3 swamp worms (Swamp:2)
  2 acid dragons (D:12)
  A warg (Orc:2)
  3 water moccasins
  2 nameless horrors
  6 sky beasts
  A black bear (Lair:5)
  18 orc warriors
  8 ogres
  7 wolves
  A phantom (D:3)
  9 centaurs
  5 bullfrogs
  2 cyclops zombies (D:14)
  A scorpion (D:6)
  A wight (D:9)
  10 killer bees
  A spectral centaur (D:14)
  2 electric eels
  A jelly (D:6)
  11 orc priests
  3 iguanas
  3 orc wizards
  A wolf simulacrum (Lair:2)
  2 gnolls
  2 adders (D:3)
  3 orc zombies (Orc:2)
  A white imp (D:7)
  2 ufetubi
  2 dart slugs
  28 orcs
  2 ball pythons (D:2)
  5 endoplasms
  A giant cockroach (D:1)
  4 goblins (D:4)
  A quokka (D:1)
  A bat (D:2)
  2 frilled lizards (D:2)
  5 kobolds
  5 rats
308 creatures vanquished.

Vanquished Creatures (collateral kills)
  Frances (Swamp:2)
  2 fenstrider witches (Swamp:2)
  2 eleionomae
  An entropy weaver (shapeshifter) (D:15)
  8 hydras
  3 vault guards (D:13)
  A boulder beetle (D:12)
  3 alligators
  2 centaur warriors
  A two-headed ogre (D:13)
  A deep troll shaman (Lair:5)
  A catoblepas (Lair:5)
  6 death yaks
  3 goliath frogs
  4 bog bodies (Swamp:2)
  An orc knight (D:13)
  A necromancer (Lair:2)
  A lindwurm (Lair:5)
  A deep elf zephyrmancer (D:12)
  A cyclops (D:12)
  A salamander (Lair:2)
  A manticore (D:12)
  A goliath frog zombie (Swamp:3)
  3 ugly things
  3 will-o-the-wisps (Swamp:2)
  8 elephants
  2 torpor snails
  2 black mambas
  4 cane toads
  5 komodo dragons
  A tengu conjurer (D:14)
  2 efreet
  A hydra zombie (D:14)
  7 trolls
  3 nameless horrors
  3 hornets (Swamp:1)
  A polar bear (Lair:5)
  20 blink frogs
  4 tyrant leeches
  Sigmund (D:3)
  2 slime creatures
  A spriggan (shapeshifter) (D:13)
  A shadow (D:12)
  2 wyverns
  2 spriggans (Swamp:1)
  27 yaks
  4 wraiths
  3 basilisks
  A steam dragon (D:9)
  4 hogs
  Menkaure (D:4)
  10 vampire mosquitoes
  4 swamp worms
  A warg (Orc:2)
  6 water moccasins
  A swamp drake (Swamp:2)
  15 orc warriors
  3 sky beasts
  6 ogres
  9 centaurs
  7 wolves
  5 bullfrogs
  2 scorpions (D:6)
  7 wights (D:9)
  13 killer bees
  A howler monkey (D:11)
  A lava snake (Lair:2)
  A bullfrog zombie (Lair:2)
  A human zombie (D:13)
  A jelly (D:6)
  7 orc priests
  A gnoll bouda (D:6)
  A hound (D:6)
  3 sleepcaps
  An iguana (D:6)
  2 orc wizards (Orc:2)
  10 gnolls
  3 adders
  A shadow imp (D:7)
  A white imp (D:6)
  A worm (D:3)
  35 orcs
  A bat (D:1)
  A hobgoblin (D:1)
  2 jackals (D:1)
  A ball python (D:1)
  A frilled lizard (D:2)
  2 kobolds (D:1)
  An orc zombie (Orc:1)
  A river rat simulacrum (Lair:2)
  2 bushes (Lair:5)
337 creatures vanquished.

Vanquished Creatures (others)
  Donald (Swamp:2)
  An ugly thing (D:8)
  A spectral orc (Orc:2)
  An eleionoma zombie (Swamp:3)
  An unseen horror zombie (D:12)
  A spectral glowing orange brain (D:13)
  A troll (D:12)
  3 bloated husks
  A hornet (D:8)
  2 alligator zombies (Swamp:1)
  A spectral yak (D:11)
  A slime creature zombie (D:13)
  2 tyrant leech zombies (Swamp:3)
  2 cane toad zombies
  A spectral efreet (D:13)
  A manticore zombie (D:13)
  2 hornet zombies (Swamp:1)
  6 blink frog zombies
  An elephant zombie (Lair:1)
  A centaur (Orc:2)
  2 hog zombies
  4 vampire mosquito zombies (D:12)
  A gnoll sergeant (D:9)
  4 troll zombies
  2 water moccasin zombies
  A warg zombie (Orc:2)
  4 wights
  3 spriggan zombies (Swamp:1)
  9 yak zombies
  A killer bee (D:9)
  4 wolf zombies
  2 centaur zombies
  2 basilisk zombies
  2 scorpion zombies (D:6)
  7 killer bee zombies
  An acid dragon zombie (D:12)
  5 ogre zombies
  3 sky beast zombies
  A hound zombie (D:6)
  3 gnoll zombies (D:9)
  45 orc zombies
  A bush (Lair:5)
  7 foxfires (Swamp:2)
  75 fungi
  79 plants
  3 toadstools (Lair:1)
  A withered plant (D:15)
303 creatures vanquished.

Grand Total: 948 creatures vanquished

Notes
Turn   | Place    | Note
-------+----------+-------------------------------------------
     0 | D:1      | Lavandula the Gnoll Summoner began the quest for the Orb.
     0 | D:1      | Reached XP level 1. HP: 13/13 MP: 6/6
   228 | D:1      | Reached XP level 2. HP: 19/19 MP: 5/7
   247 | D:1      | You fall into a shaft and drop 1 floor!
   501 | D:1      | Learned a level 2 spell: Call Imp
   600 | D:1      | jackal
   655 | D:2      | Reached skill level 5 in Spellcasting
   655 | D:2      | Reached XP level 3. HP: 10/25 MP: 3/9
   706 | D:2      | Learned a level 3 spell: Call Canine Familiar
  1063 | D:2      | Reached skill level 1 in Invocations
  1411 | D:3      | Reached skill level 1 in Fighting
  1411 | D:3      | Reached skill level 1 in Short Blades
  1411 | D:3      | Reached skill level 1 in Long Blades
  1411 | D:3      | Reached skill level 1 in Axes
  1411 | D:3      | Reached skill level 1 in Maces & Flails
  1411 | D:3      | Reached skill level 1 in Polearms
  1411 | D:3      | Reached skill level 1 in Staves
  1411 | D:3      | Reached skill level 1 in Ranged Weapons
  1411 | D:3      | Reached skill level 1 in Throwing
  1411 | D:3      | Reached skill level 1 in Armour
  1411 | D:3      | Reached skill level 1 in Shields
  1411 | D:3      | Reached skill level 1 in Unarmed Combat
  1411 | D:3      | Reached skill level 1 in Evocations
  1433 | D:3      | Found a faded altar of an unknown god.
  1460 | D:3      | Reached XP level 4. HP: 21/32 MP: 2/11
  1649 | D:3      | Noticed a phantom
  1658 | D:3      | Reached skill level 1 in Conjurations
  1658 | D:3      | Reached skill level 1 in Hexes
  1658 | D:3      | Reached skill level 1 in Necromancy
  1658 | D:3      | Reached skill level 1 in Translocations
  1658 | D:3      | Reached skill level 1 in Transmutations
  1658 | D:3      | Reached skill level 1 in Fire Magic
  1658 | D:3      | Reached skill level 1 in Ice Magic
  1658 | D:3      | Reached skill level 1 in Air Magic
  1658 | D:3      | Reached skill level 1 in Earth Magic
  1658 | D:3      | Reached skill level 1 in Poison Magic
  1678 | D:3      | Killed a phantom
  1679 | D:3      | Reached XP level 5. HP: 19/37 MP: 3/12
  1816 | D:3      | Noticed Sigmund
  1990 | D:3      | Found a runed translucent gate.
  1990 | D:3      | Found a runed translucent gate.
  1990 | D:3      | Found a runed translucent gate.
  1992 | D:3      | Found an opulent altar of Gozag.
  1994 | D:3      | Noticed a black bear
  1995 | D:3      | Noticed paps's ghost (amateur OpSu)
  2137 | D:3      | Killed Sigmund
  2138 | D:3      | Reached skill level 5 in Dodging
  2138 | D:3      | Reached XP level 6. HP: 17/44 MP: 9/14
  2798 | D:4      | jackal
  2883 | D:4      | Reached XP level 7. HP: 47/51 MP: 9/15
  3091 | D:4      | Noticed Menkaure
  3103 | D:4      | Killed Menkaure
  3104 | D:4      | Reached skill level 5 in Stealth
  3149 | D:4      | Found an opulent altar of Gozag.
  3150 | D:4      | Found a sparkling altar of Nemelex Xobeh.
  3282 | D:5      | Entered Level 5 of the Dungeon
  3342 | D:5      | Noticed a yak
  3342 | D:5      | Noticed a yak
  3343 | D:5      | Noticed a yak
  3343 | D:5      | Noticed a yak
  3344 | D:5      | Noticed a yak
  3346 | D:5      | Noticed a yak
  3535 | D:5      | Found a staircase to the Ecumenical Temple.
  3555 | Temple   | Entered the Ecumenical Temple
  3562 | Temple   | Became a worshipper of Yredelemnul the Dark
  3703 | D:6      | Learned a level 3 spell: Summon Guardian Golem
  3864 | D:6      | Noticed Grinder
  3873 | D:6      | Killed Grinder
  3874 | D:6      | Reached XP level 8. HP: 58/58 MP: 9/17
  4041 | D:6      | Reached * piety under Yredelemnul
  4107 | D:6      | Reached ** piety under Yredelemnul
  4526 | D:7      | Reached XP level 9. HP: 60/65 MP: 15/18
  4735 | D:7      | Found Oreluss's Assorted Antiques.
  4741 | D:7      | Bought a glowing brass ring for 130 gold pieces
  4741 | D:7      | Bought a green potion for 23 gold pieces
  4741 | D:7      | Bought a scroll labelled COBOSCH KUHA for 26 gold pieces
  4741 | D:7      | Bought a scroll labelled KIH FETHOVU for 26 gold pieces
  5058 | D:7      | Bought a brass wand for 104 gold pieces
  5104 | D:7      | Reached *** piety under Yredelemnul
  5140 | D:7      | Noticed a troll
  5153 | D:7      | Killed a troll
  5400 | D:8      | Noticed a hornet
  5415 | D:8      | Paralysed by a hornet for 3 turns
  5416 | D:8      | Reached skill level 5 in Invocations
  5416 | D:8      | Killed a hornet
  5622 | D:8      | Noticed a centaur warrior
  5623 | D:8      | Noticed a brown ugly thing
  5637 | D:8      | Killed a centaur warrior
  5638 | D:8      | Reached skill level 5 in Fighting
  5638 | D:8      | Reached skill level 5 in Short Blades
  5638 | D:8      | Reached skill level 5 in Long Blades
  5638 | D:8      | Reached skill level 5 in Axes
  5638 | D:8      | Reached skill level 5 in Maces & Flails
  5638 | D:8      | Reached skill level 5 in Polearms
  5638 | D:8      | Reached skill level 5 in Staves
  5638 | D:8      | Reached skill level 5 in Ranged Weapons
  5638 | D:8      | Reached skill level 5 in Throwing
  5638 | D:8      | Reached skill level 5 in Armour
  5638 | D:8      | Reached skill level 5 in Shields
  5638 | D:8      | Reached skill level 5 in Unarmed Combat
  5638 | D:8      | Reached skill level 5 in Evocations
  5638 | D:8      | Reached XP level 10. HP: 7/74 MP: 18/20
  5649 | D:8      | Killed a brown ugly thing
  5723 | D:8      | Identified the +4 scale mail "Liwiecw" {rC++ rN+}
  6525 | D:9      | Found Ynuint's Magic Scroll Shoppe.
  7026 | D:9      | Reached **** piety under Yredelemnul
  7053 | D:9      | Reached ***** piety under Yredelemnul
  7053 | D:9      | Reached skill level 5 in Conjurations
  7053 | D:9      | Reached skill level 5 in Hexes
  7053 | D:9      | Reached skill level 5 in Necromancy
  7053 | D:9      | Reached skill level 5 in Translocations
  7053 | D:9      | Reached skill level 5 in Transmutations
  7053 | D:9      | Reached skill level 5 in Fire Magic
  7053 | D:9      | Reached skill level 5 in Ice Magic
  7053 | D:9      | Reached skill level 5 in Air Magic
  7053 | D:9      | Reached skill level 5 in Earth Magic
  7053 | D:9      | Reached skill level 5 in Poison Magic
  7053 | D:9      | Reached XP level 11. HP: 73/81 MP: 19/22
  7081 | D:9      | Learned a level 4 spell: Summon Lightning Spire
  7085 | D:9      | Learned a level 3 spell: Frozen Ramparts
  7188 | D:9      | Found an ornate altar of the Wu Jian Council.
  7331 | D:10     | Entered Level 10 of the Dungeon
  7350 | D:10     | Found an iron altar of Okawaru.
  7717 | D:10     | Found a staircase to the Lair.
  7734 | D:10     | Noticed a two-headed ogre
  7744 | D:10     | Killed a two-headed ogre
  7770 | D:10     | Noticed a two-headed ogre
  7781 | D:10     | Killed a two-headed ogre
  7970 | D:10     | Found a shimmering blue altar of Sif Muna.
  7973 | D:10     | Found a radiant altar of Vehumet.
  7995 | D:10     | Found a burning altar of Makhleb.
  7995 | D:10     | Found a sacrificial altar of Ru.
  7997 | D:10     | Found a snail-covered altar of Cheibriados.
  8001 | D:10     | Found an ancient bone altar of Kikubaaqudgha.
  8131 | D:11     | Noticed Lodul
  8167 | D:11     | Found a transporter.
  8170 | D:11     | Noticed a cyclops
  8190 | D:11     | Killed a cyclops
  8318 | D:11     | Found a transporter.
  8319 | D:11     | Found a transporter.
  8371 | D:11     | Found a transporter.
  8542 | D:11     | Noticed a purple ugly thing
  8551 | D:11     | Killed a purple ugly thing
  8661 | D:11     | Killed Lodul
  8715 | D:11     | Found a staircase to the Orcish Mines.
  9003 | D:12     | Identified the ring of Aler {rF- rCorr EV+5 Int+2 Dex+4}
  9060 | D:12     | Reached XP level 12. HP: 83/91 MP: 21/24
  9354 | D:12     | Found Ryshru's Assorted Antiques.
  9362 | D:12     | Bought a scroll labelled COBOSCH KUHA for 27 gold pieces
  9362 | D:12     | Bought a glimmering chain mail for 256 gold pieces
  9362 | D:12     | Identified the +4 chain mail of Suv Nuut {*Slow rF+ Regen+
                  | Int+5} (You bought it in a shop on level 12 of the Dungeon)
  9362 | D:12     | Bought a green potion for 24 gold pieces
  9407 | D:12     | Found Qerabac's Weapon Shop.
  9591 | D:12     | Found Vullut's Assorted Antiques.
  9596 | D:12     | Found Jef Vire's Antique Weapon Shop.
  9599 | D:12     | Bought a scroll labelled YTWOUTHRID for 25 gold pieces
  9599 | D:12     | Bought a sedimented puce potion for 22 gold pieces
  9599 | D:12     | Bought a scroll labelled TOEMNO VATOU for 25 gold pieces
  9599 | D:12     | Bought a fluorescent wand for 100 gold pieces
  9606 | D:12     | Noticed a five-headed hydra
  9618 | D:12     | Killed a five-headed hydra
  9624 | D:12     | Learned a level 4 spell: Summon Ice Beast
  9775 | D:12     | Found Idoomoir's Weapon Emporium.
  9815 | D:12     | Noticed a boulder beetle
  9833 | D:12     | Killed a boulder beetle
  9939 | D:12     | Noticed a tengu warrior
  9974 | D:12     | Killed a tengu warrior
 10450 | Lair:1   | Entered Level 1 of the Lair of Beasts
 10671 | Lair:1   | Reached XP level 13. HP: 44/98 MP: 1/26
 11076 | Lair:1   | Reached skill level 10 in Summonings
 11220 | Lair:1   | Found a runed translucent door.
 11303 | Lair:1   | Identified the +3 chain mail "Caewnaly" {rF+}
 12265 | Lair:2   | Reached skill level 10 in Spellcasting
 12336 | Lair:2   | Found a staircase to the Swamp.
 12805 | Lair:2   | Found a staircase to the Snake Pit.
 13026 | Lair:3   | Reached skill level 10 in Dodging
 14019 | Lair:4   | Reached skill level 10 in Stealth
 14169 | Lair:4   | Reached ****** piety under Yredelemnul
 14214 | Lair:4   | Reached XP level 14. HP: 108/108 MP: 21/28
 14219 | Lair:4   | Reached skill level 10 in Invocations
 14427 | Lair:4   | Noticed Urug
 14446 | Lair:4   | Killed Urug
 14446 | Lair:4   | Enslaved Urug
 14896 | Lair:5   | Entered Level 5 of the Lair of Beasts
 15644 | Lair:5   | Identified the +4 trident of Ciycum {drain, rF+}
 15796 | Lair:5   | Found a staircase to the Slime Pits.
 16327 | Orc:1    | Entered Level 1 of the Orcish Mines
 16444 | Orc:1    | Paralysed by an orc sorcerer for 5 turns
 16608 | Orc:2    | Entered Level 2 of the Orcish Mines
 16927 | Orc:2    | Found a staircase to the Elven Halls.
 17021 | Orc:2    | Your ally Urug died
 17032 | Orc:2    | Reached skill level 10 in Fighting
 17032 | Orc:2    | Reached skill level 10 in Short Blades
 17032 | Orc:2    | Reached skill level 10 in Long Blades
 17032 | Orc:2    | Reached skill level 10 in Axes
 17032 | Orc:2    | Reached skill level 10 in Maces & Flails
 17032 | Orc:2    | Reached skill level 10 in Polearms
 17032 | Orc:2    | Reached skill level 10 in Staves
 17032 | Orc:2    | Reached skill level 10 in Ranged Weapons
 17032 | Orc:2    | Reached skill level 10 in Throwing
 17032 | Orc:2    | Reached skill level 10 in Armour
 17032 | Orc:2    | Reached skill level 10 in Shields
 17032 | Orc:2    | Reached skill level 10 in Unarmed Combat
 17032 | Orc:2    | Reached skill level 10 in Evocations
 17341 | Orc:2    | Found Cerif's General Store.
 17341 | Orc:2    | Found Huytrof's Antique Armour Shoppe.
 17343 | Orc:2    | Found Gitz's Magic Scroll Emporium.
 17345 | Orc:2    | Found Riufun's Magic Scroll Boutique.
 17349 | Orc:2    | Bought a scroll of fear for 52 gold pieces
 17349 | Orc:2    | Bought a scroll of enchant weapon for 97 gold pieces
 17349 | Orc:2    | Bought a scroll of poison for 52 gold pieces
 17353 | Orc:2    | Bought a pair of runed gloves for 195 gold pieces
 17358 | Orc:2    | Bought an embroidered cloak for 195 gold pieces
 17365 | Orc:2    | Bought a scroll of noise for 15 gold pieces
 17365 | Orc:2    | Bought a scroll of enchant armour for 112 gold pieces
 17365 | Orc:2    | Bought a scroll of enchant weapon for 112 gold pieces
 17487 | Orc:2    | Reached XP level 15. HP: 68/115 MP: 30/30
 17493 | Orc:2    | Learned a level 5 spell: Borgnjor's Vile Clutch
 18063 | D:13     | Found a runed translucent gate.
 18064 | D:13     | Found a runed translucent gate.
 18069 | D:13     | Found a runed translucent gate.
 18434 | D:13     | Found a runed translucent gate.
 18434 | D:13     | Found a runed translucent gate.
 18438 | D:13     | Found a runed translucent gate.
 18440 | D:13     | Noticed Pifuh's ghost (journeyman HuWn)
 18591 | D:13     | Found a gate to the Vaults.
 18617 | D:13     | Identified the +7 halberd "Qezi" {protect, rPois rN+ Str+3}
 19094 | D:14     | Found a sparkling altar of Nemelex Xobeh.
 19703 | D:15     | Entered Level 15 of the Dungeon
 20089 | Orc:1    | Noticed Jorgrun
 20359 | Swamp:1  | Entered Level 1 of the Swamp
 20700 | Swamp:1  | Noticed a thorn hunter
 20707 | Swamp:1  | Killed a thorn hunter
 21319 | Swamp:2  | Reached XP level 16. HP: 120/124 MP: 20/32
 21324 | Swamp:2  | Learned a level 4 spell: Manifold Assault
 21450 | Swamp:2  | Noticed Frances
 21456 | Swamp:2  | Killed Frances
 21551 | Swamp:2  | Noticed Kirke
 21557 | Swamp:2  | Killed Kirke
 21557 | Swamp:2  | Enslaved Kirke
 21725 | Swamp:2  | Noticed Donald
 21727 | Swamp:2  | Noticed a fenstrider witch
 21734 | Swamp:2  | Killed a fenstrider witch
 21737 | Swamp:2  | Killed Donald
 21902 | Swamp:2  | Noticed a fenstrider witch
 21907 | Swamp:2  | Paralysed by a fenstrider witch for 5 turns
 21911 | Swamp:2  | Killed a fenstrider witch
 22168 | Swamp:3  | Noticed Mlioglotl
 22381 | Swamp:3  | Upgraded the game from 0.30-a0-1002-ga41ad49a19 to
                  | 0.30-a0-1014-g3371b13838
 22488 | Swamp:3  | Splashed by a goliath frog's acid

Illustrated notes

.≈###≈.##########
.≈≈≈≈≈.##.......#
.......##.#####.######
.≈≈≈≈≈.##.####...[†..#
.≈###≈..#.#.......##.#
.≈ #≈....#.##.##.##.#
.≈###≈.##.#.##....##.#
.≈≈≈≈≈.##.#.####.>...#
......b...#.....@#####
.≈≈≈≈≈.####..#####
.≈###≈...........# .≈
#≈..########.#
.≈###≈.........#.#
≈≈≈≈≈..##.....#.#
.......##.#####.#
.≈≈≈≈≈...#.......#
.≈###≈....########


Turn 600 on D:1: jackal .. #.#### ... .... #....# ###. #h>. ####.# .# #... ###
#.# # #... ..# #.# ###. #h.. #.# #.# .... .h. #.# #.# ### #.#.###.####.#
#.....<.h@..<# #...###.###### ....... #.# ......# #.# ####.# #.# #. #.# # # #.#
...# ..# .... ### Turn 2798 on D:4: jackal

Levels and vault maps discovered:
D:1:      scummos_arrival_forest, layout_basic, kennysheep_boxes
D:2:      layout_loops_ring, minmay_misc_feat_ornament
D:3:      layout_basic, ebering_ghost_gozag, hellmonk_ecumenical_altar_blasted,
          corner_web_ring, kennysheep_nub, uniq_sigmund
D:4:      layout_loops_ring, grunt_temple_overflow_opulence, uniq_menkaure
D:5:      layout_cave_pools, temple_fountains, hangedman_decor_opposing
D:6:      layout_rooms, uniq_grinder
D:7:      kennysheep_six_static_rooms, layout_cave_pools, serial_shops, shop,
          patterned_corridor
D:8:      layout_rooms, minmay_radiant
D:9:      layout_loops_ring, kennysheep_mini, serial_shops,
          nicolae_take_the_stairs, corexii_corridor_pit
D:10:     layout_roguey, grunt_temple_overflow_open, okawaru_gym_becter,
          dpeg_oklobed_lair, minmay_misc_feat_encased, minmay_orc_keep
D:11:     layout_rooms, orc_0_dummy, nicolae_transporter_circle, uniq_lodul
D:12:     minmay_tri_box, layout_basic, serial_shops,
          nicolae_shop_overgrown_old_shop, nicolae_shop_overgrown_old_shop,
          nicolae_shop_bloodbath_and_beyond, shop, shop_statue
D:13:     layout_loops_ring, grunt_vaults_entry_fortified,
          ploomutoo_gammafunk_ghost_potion_laboratory
D:14:     layout_roguey, nemelex_spade_bored_becter
D:15:     gammafunk_depths_entry_grave, layout_rooms,
          dreamdust_princess_corridor, hellmonk_guarded_unrand_staff_of_battle
Temple:   nicolae_temple_no_exploring_needed
Lair:1:   gammafunk_lair_enchanted_lake, layout_loops_ring, serial_bayou_shore_a
Lair:2:   layout_long_grid, swamp_mist_pool, nicolae_snake_entry_warm_welcome,
          eino_house_with_fridge, serial_bayou_shore_b
Lair:3:   layout_regular_city
Lair:4:   layout_roguey, uniq_urug
Lair:5:   grunt_lair_end_beastmaster, layout_gridlike, dpeg_slime_entry_enclosed
Swamp:1:  layout_falls_marsh, hangedman_swamp_blocks, swamp_pool2
Swamp:2:  layout_basic_swamp, evilmike_swamp_ruin_house_1, uniq_frances,
          uniq_kirke, uniq_donald
Swamp:3:  layout_basic_swamp, evilmike_swamp_ruin_house_5, uniq_mlioglotl
Orc:1:    layout_caves, serial_shops, nicolae_square_shop,
          lightli_church_of_beogh, uniq_jorgrun
Orc:2:    st_orc_rangers, layout_diamond_mine

Skill      XL: |  1  2  3  4  5  6  7  8  9 10 11 12 13 14 15 16 |
---------------+-------------------------------------------------+-----
Spellcasting   | 5 6 7 8 9 10 11 12 | 12.3
Invocations    | 1 2 3 4 5 6 7 8 9 10 11 12 | 12.2
Fighting       | 1 2 3 4 5 6 7 8 9 10 11 | 11.2
Short Blades   | 1 2 3 4 5 6 7 8 9 10 11 | 11.2
Long Blades    | 1 2 3 4 5 6 7 8 9 10 11 | 11.2
Axes           | 1 2 3 4 5 6 7 8 9 10 11 | 11.2
Maces & Flails | 1 2 3 4 5 6 7 8 9 10 11 | 11.2
Polearms       | 1 2 3 4 5 6 7 8 9 10 11 | 11.2
Staves         | 1 2 3 4 5 6 7 8 9 10 11 | 11.2
Ranged Weapons | 1 2 3 4 5 6 7 8 9 10 11 | 11.2
Throwing       | 1 2 3 4 5 6 7 8 9 10 11 | 11.2
Armour         | 1 2 3 4 5 6 7 8 9 10 11 | 11.2
Shields        | 1 2 3 4 5 6 7 8 9 10 11 | 11.2
Unarmed Combat | 1 2 3 4 5 6 7 8 9 10 11 | 11.2
Evocations     | 1 2 3 4 5 6 7 8 9 10 11 | 11.2
Conjurations   | 1 2 3 4 5 6 7 8 9 |  9.5
Hexes          | 1 2 3 4 5 6 7 8 9 |  9.5
Necromancy     | 1 2 3 4 5 6 7 8 9 |  9.5
Translocations | 1 2 3 4 5 6 7 8 9 |  9.5
Transmutations | 1 2 3 4 5 6 7 8 9 |  9.5
Fire Magic     | 1 2 3 4 5 6 7 8 9 |  9.5
Ice Magic      | 1 2 3 4 5 6 7 8 9 |  9.5
Air Magic      | 1 2 3 4 5 6 7 8 9 |  9.5
Earth Magic    | 1 2 3 4 5 6 7 8 9 |  9.5
Poison Magic   | 1 2 3 4 5 6 7 8 9 |  9.5
Dodging        | 5 6 7 8 9 10 11 12 | 12.1
Stealth        | 5 6 7 8 9 10 11 12 | 12.0
Summonings     | 8 9 10 11 | 11.8

Action                     |  1- 3 |  4- 6 |  7- 9 | 10-12 | 13-15 | 16-18 || total
---------------------------+-------+-------+-------+-------+-------+-------++-------
  Melee: Short sword       |    57 |    59 |    11 |       |       |       ||   127
         Unarmed           |     4 |       |       |       |       |       ||     4
         Bite              |     4 |     6 |    16 |    53 |    93 |     5 ||   177
         Dagger            |       |       |    56 |       |       |       ||    56
         Punch             |       |       |     1 |    25 |    25 |       ||    51
         Spear             |       |       |   111 |   597 |   470 |       ||  1178
         Glaive            |       |       |       |       |   325 |    79 ||   404
         Halberd           |       |       |       |       |    11 |       ||    11
         Trident           |       |       |       |       |     7 |       ||     7
   Cast: Summon Small Mamm |    20 |     7 |    11 |     2 |     1 |       ||    41
         Call Imp          |     5 |     7 |    18 |     5 |     1 |       ||    36
         Call Canine Famil |     2 |    12 |    29 |    43 |    43 |     7 ||   136
         Summon Guardian G |       |       |     5 |    10 |     2 |       ||    17
         Frozen Ramparts   |       |       |       |     7 |    17 |       ||    24
         Summon Lightning  |       |       |       |    10 |    33 |     4 ||    47
         Summon Ice Beast  |       |       |       |     2 |    29 |     5 ||    36
         Borgnjor's Vile C |       |       |       |       |     3 |     4 ||     7
 Invoke: Dark Bargain      |       |       |     2 |       |     7 |     3 ||    12
         Recall Undead Har |       |       |     1 |     3 |    14 |     6 ||    24
         Bind Soul         |       |       |       |     1 |     2 |     1 ||     4
  Evoke: Wand              |       |       |     3 |     3 |     7 |     1 ||    14
         Condenser vane    |       |       |       |     1 |     3 |     1 ||     5
    Use: Scroll            |       |       |     7 |     6 |    16 |     3 ||    32
         Potion            |       |       |       |     3 |     1 |     2 ||     6
   Stab: Sleeping          |     4 |     3 |     7 |     8 |    16 |     2 ||    40
         Distracted        |       |     1 |     1 |    10 |    21 |     1 ||    34
         Invisible         |       |       |       |     1 |       |     7 ||     8
 Armour: Robe              |    13 |     7 |    27 |     3 |       |       ||    50
         Scale mail        |       |       |       |   159 |   431 |    47 ||   637
  Dodge: Dodged            |    37 |    29 |   120 |   169 |   406 |    36 ||   797

Table legend: (Time is in decaauts)
 A = Elapsed time spent in this place.
 B = Non-inter-level travel time spent in this place.
 C = Inter-level travel time spent in this place.
 D = Time resting spent in this place.
 E = Time spent auto-exploring this place.
 F = Levels seen in this place.
 G = Mean time per level.
                   A        B        C        D        E       F      G
               +--------+--------+--------+--------+--------+-----+--------+
         Total |  22384 |  20909 |   1475 |   2020 |  13396 |  26 |  860.9 |
       Dungeon |  12718 |  11848 |    870 |   1178 |   7134 |  15 |  847.9 |
        Temple |     14 |      7 |      7 |      0 |      0 |   1 |   14.0 |
          Lair |   5859 |   5544 |    315 |    465 |   4095 |   5 | 1171.8 |
         Swamp |   2246 |   2181 |     65 |    318 |   1353 |   3 |  748.7 |
  Orcish Mines |   1544 |   1327 |    217 |     59 |    813 |   2 |  772.0 |
               +--------+--------+--------+--------+--------+-----+--------+

Top non-repeatable levels by time:
  Lair:1: 1694 daAuts
    D:12: 1470 daAuts
     D:3: 1289 daAuts
     D:9: 1249 daAuts
  Lair:5: 1242 daAuts
   Orc:2: 1196 daAuts
    D:13: 1115 daAuts
  Lair:4: 1048 daAuts
 Swamp:1: 1005 daAuts
    D:14: 998 daAuts
  Lair:3: 979 daAuts
    D:10: 946 daAuts
     D:2: 932 daAuts
 Swamp:2: 906 daAuts
     D:7: 898 daAuts
